 Dungeon Sprint DCSS version 0.31-a0-774-g0d66cbabe8 (webtiles) character file.

Game seed: 1377724882911730189

301 Conn the Arsonist (level 6, -3/36 HPs)
             Began as an Octopode Fire Elementalist on Sept 17, 2023.
             Was an Initiate of Sif Muna.
             Slain by a slime creature (15 damage)
             ... in the Dungeon (Sprint I: "Red Sonja").
             The game lasted 00:01:42 (305 turns).

Conn the Arsonist (Octopode Fire Elementalist)       Turns: 305, Time: 00:01:43

Health: -3/36      AC:  1    Str:  8    XL:     6   Next: 37%
Magic:  8/16       EV: 14    Int: 19    God:    Sif Muna [......]
Gold:   297        SH:  0    Dex: 12    Spells: 9/19 levels left

rFire   . . .        g - +0 dagger
rCold   . . .        (no shield)
rNeg    . . .        (helmet restricted)
rPois   .            (no amulet)
rElec   .            (no ring)
rCorr   .            (no ring)
SInv    .            (no ring)
Will    .....        (no ring)
Stlth   ++++         (no ring)
HPRegen 0.26/turn    (no ring)
MPRegen 0.15/turn    (no ring)
                     (no ring)

%: no teleportation
@: no status effects
A: almost no armour, amphibious, 8 rings, camouflage 1, gelatinous body 1,
(nimble swimmer 1), tentacles
a: Renounce Religion


You were in the Dungeon.
You worshipped Sif Muna.
Sif Muna was noncommittal.
You visited 1 branch You collected 297 gold pieces.

Inventory:

Hand Weapons
 g - a +0 dagger (weapon)
Wands
 e - a wand of roots (9)
Scrolls
 f - a scroll of blinking
Potions
 a - 3 potions of magic
 b - a potion of curing
 c - a potion of heal wounds
 d - a potion of haste


   Skills:
 + Level 3.8 Dodging
 + Level 5.2 Stealth
 * Level 7.3 Spellcasting
 * Level 5.2 Conjurations
 + Level 8.2 Fire Magic


You had 9 spell levels left.
You knew the following spells:

 Your Spells              Type           Power      Damage    Failure   Level
a - Foxfire               Conj/Fire      100%       2x1d9     1%          1
b - Scorch                Fire           76%        2d8       1%          2
c - Inner Flame           Hex/Fire       22%        N/A       5%          3
d - Flame Wave            Conj/Fire      32%        2d9       6%          4

Your spell library contained the following spells:

 Spells                   Type           Power      Damage    Failure   Level
 Volatile Blastmotes      Fire/Tloc      44%        2d13      5%          3


Dungeon Overview and Level Annotations

Branches:
Dungeon (1/1)

Altars:
Makhleb
Sif Muna
Vehumet
Wu Jian
Xom
Jiyva
Lugonu


Innate Abilities, Weirdness & Mutations

You cannot wear most types of armour.
You are amphibious.
You can wear up to eight rings at the same time.
Your skin changes colour to match your surroundings (Stealth+).
Your rubbery body absorbs attacks. (AC +1, EV +1)
((You are camouflaged when in or above water. (Stealth+)))
You have tentacles for arms and can constrict up to eight enemies at once.


Message History

You now have 270 gold pieces (gained 27).
You now have 297 gold pieces (gained 27).
There is an open door here.
You see here a serpent talisman.
You see here a +0 ring mail.
There is an open door here.
As you open the door, it creaks loudly!
A slime creature comes into view.
The slime creature quivers.
Found four altars.
Casting: Scorch (safe; 1% risk of failure)
Confirm with . or Enter, or press ? or * to list all spells.
You conjure some foxfire!
Casting: Foxfire (safe; 1% risk of failure)
Confirm with . or Enter, or press ? or * to list all spells.
Flames lash the slime creature.
The slime creature is lightly wounded.
The slime creature's fire resistance burns away.
The foxfire hits the slime creature.
The slime creature is burned terribly!
The slime creature is lightly wounded.
The foxfire hits the slime creature!
The slime creature is burned terribly!
The slime creature is moderately wounded.
The slime creature hits you!
Casting: Scorch (safe; 1% risk of failure)
Confirm with . or Enter, or press ? or * to list all spells.
Casting: Flame Wave (quite dangerous; 6% risk of failure)
Press: ? - help, Dir - look around, f - activate A wave of flame ripples out!
The flame wave engulfs the slime creature!
The slime creature is burned terribly!
The slime creature is heavily wounded. (Press . to intensify the flame waves.)
The slime creature hits you!
Unknown command.
A wave of flame ripples out!
The flame wave engulfs the slime creature!!
The slime creature is burned terribly!
The slime creature is almost dead.
The slime creature hits you!
You die...

################ ##
#<§#..)..#..'..#__#
#..[..#..').#@J'..+
#..#####'#####'#__#
#.§# #..#...#[# ##
#..# ####..##%#
#..# ##'#_.+ #⌠⌠#
+..._# #### #_.#'#
##+#[# ###


You could see a slime creature (combustible).

Vanquished Creatures
  Sigmund (D)
  An ogre (D)
  A jelly (D)
  Ijyb (D)
4 creatures vanquished.

Vanquished Creatures (others)
  11 foxfires (D)
11 creatures vanquished.

Grand Total: 15 creatures vanquished

Notes
Turn   | Place    | Note
-------+----------+-------------------------------------------
     0 | D        | Conn the Octopode Fire Elementalist began the quest for the
                  | Orb.
     0 | D        | Reached XP level 1. HP: 11/11 MP: 3/3
     3 | D        | Noticed Ijyb
     9 | D        | Killed Ijyb
    10 | D        | Reached skill level 4 in Fire Magic
    10 | D        | Reached XP level 2. HP: 17/17 MP: 0/6
    10 | D        | Reached XP level 3. HP: 21/21 MP: 0/7
    73 | D        | Learned a level 2 spell: Scorch
    77 | D        | Learned a level 3 spell: Inner Flame
    79 | D        | Noticed an ogre
    85 | D        | Killed an ogre
    86 | D        | Reached skill level 5 in Spellcasting
    86 | D        | Reached skill level 6 in Fire Magic
    86 | D        | Reached XP level 4. HP: 27/27 MP: 1/11
   180 | D        | Learned a level 4 spell: Flame Wave
   180 | D        | Noticed Sigmund
   183 | D        | Killed Sigmund
   184 | D        | Reached skill level 5 in Stealth
   184 | D        | Reached skill level 5 in Conjurations
   184 | D        | Reached skill level 8 in Fire Magic
   184 | D        | Reached XP level 5. HP: 19/31 MP: 5/14
   184 | D        | Reached XP level 6. HP: 23/36 MP: 5/16
   267 | D        | Found a shimmering blue altar of Sif Muna.
   268 | D        | Found an ornate altar of the Wu Jian Council.
   269 | D        | Found a radiant altar of Vehumet.
   273 | D        | Became a worshipper of Sif Muna the Loreminder
   300 | D        | Found a burning altar of Makhleb.
   300 | D        | Found a viscous altar of Jiyva.
   300 | D        | Found a shimmering altar of Xom.
   300 | D        | Found a corrupted altar of Lugonu.
   300 | D        | Noticed a slime creature
   305 | D        | Slain by a slime creature

Illustrated notes

Levels and vault maps discovered:
D:        dungeon_sprint_1 [red_sonja_temple_1, red_sonja_temple_small_1]

Skill      XL: |  1  2  3  4 |
---------------+-------------+-----
Stealth        | 3 4 5 |  5.2
Spellcasting   | 3 5 7 |  7.3
Conjurations   | 2 3 5 |  5.2
Fire Magic     | 4 6 8 |  8.2
Dodging        | 3 |  3.8

Action                     |  1- 3 |  4- 6 || total
---------------------------+-------+-------++-------
  Melee: Unarmed           |     4 |       ||     4
         Tentacles         |     2 |       ||     2
         Constrict         |     1 |       ||     1
   Cast: Foxfire           |     5 |     1 ||     6
         Scorch            |     2 |     6 ||     8
         Flame Wave        |       |     1 ||     1
    Use: Potion            |     1 |       ||     1
 Armour: Skin              |     1 |     4 ||     5
  Dodge: Dodged            |     1 |       ||     1

Table legend: (Time is in decaauts)
 A = Elapsed time spent in this place.
 B = Non-inter-level travel time spent in this place.
 C = Inter-level travel time spent in this place.
 D = Time resting spent in this place.
 E = Time spent auto-exploring this place.
 F = Levels seen in this place.
 G = Mean time per level.
                   A        B        C        D        E       F      G
               +--------+--------+--------+--------+--------+-----+--------+
         Total |    312 |    312 |      0 |    202 |      0 |   1 |  312.0 |
       Dungeon |    312 |    312 |      0 |    202 |      0 |   1 |  312.0 |
               +--------+--------+--------+--------+--------+-----+--------+

Top non-repeatable levels by time:
       D: 312 daAuts
